 Dungeon Crawl Stone Soup version 0.20-a0-1050-g57248f3 (webtiles) character file.

135100 Gorglomux the Severer (level 17, -1/126 HPs)
             Began as a Hill Orc Abyssal Knight on Apr 25, 2017.
             Was a Priest of Lugonu.
             Slain by an Executioner (4 damage)
             ... on level 1 of the Abyss on Apr 26, 2017.
             The game lasted 01:05:54 (26102 turns).

Gorglomux the Severer (Hill Orc Abyssal Knight)    Turns: 26102, Time: 01:05:54

Health: -1/126     AC: 24    Str: 25      XL:     17   Next: 18%
Magic:  14/28      EV: 13    Int:  9 (10) God:    Lugonu [***...]
Gold:   607        SH:  0    Dex: 16 (17) Spells: 25/29 levels left

rFire    . . .     SeeInvis .   a - +9 battleaxe (pain)
rCold    + + +     Gourm    .   (shield currently unavailable)
rNeg     . . .     Faith    .   Z - +3 plate armour {rPois}
rPois    +         Spirit   .   K - +0 helmet of the Fiddle {+Inv rC+++ MR- Slay+5}
rElec    .         Reflect  .   w - +1 cloak
rCorr    .         Harm     .   h - +0 pair of gloves
MR       .....     Rnd*Tele +   (no boots)
Stlth    ..........             O - amulet of regeneration {+regen, !d}
Regen    0.8/turn               q - ring of wizardry {Wiz+, !d}
MPRegen  0.3/turn               F - ring of wizardry {Wiz+, !d}

@: mighty, agile
A: [deterioration 1], [dopey 1], [frail 1], [screaming 1], teleportitis 1
a: Depart the Abyss, Bend Space, Banish, Renounce Religion, Evoke Invisibility


You were on level 1 of the Abyss.
You worshipped Lugonu.
Lugonu was most pleased with you.
You were not hungry.

You visited 4 branches of the dungeon, and saw 25 of its levels.
You visited the Abyss 3 times.
You also visited: Bailey.

You collected 2700 gold pieces.
You spent 2093 gold pieces at shops.

Inventory:

Hand Weapons
 a - a +9 battleaxe of pain (weapon)
   (You found it on level 1 of the Lair of Beasts)
 b - a +8 battleaxe of distortion
   (You acquired it on level 12 of the Dungeon)
Missiles
 N - 3 throwing nets {=f, !d}
Armour
 h - a +0 pair of gloves (worn)
   (You found it on level 1 of the Dungeon)
 w - a +1 cloak (worn)
   (You found it on level 2 of the Dungeon)
 K - the +0 helmet of the Fiddle (worn) {+Inv rC+++ MR- Slay+5}
   (You bought it in a shop on level 2 of the Orcish Mines)

   It affects your accuracy and damage with ranged weapons and melee attacks
   (+5).
   It renders you almost immune to cold.
   It affects your resistance to hostile enchantments.
   It lets you turn invisible.
 U - +0 fire dragon scales
   (You found it on level 6 of the Lair of Beasts)
 Z - a +3 plate armour of poison resistance (worn)
   (You found it on level 11 of the Dungeon)
Jewellery
 q - a ring of wizardry (left hand) {Wiz+, !d}
   (You found it on level 3 of the Dungeon)
 F - a ring of wizardry (right hand) {Wiz+, !d}
   (You took it off an orc on level 6 of the Dungeon)
 L - an uncursed ring of protection from fire {rF+, !d}
   (You took it off an orc on level 9 of the Dungeon)
 O - an amulet of regeneration (around neck) {+regen, !d}
   (You found it on level 6 of the Dungeon)
 P - an uncursed ring of protection from fire {rF+, !d}
   (You found it on level 11 of the Dungeon)
 T - an uncursed ring of see invisible {sInv, !d}
   (You found it on level 8 of the Dungeon)
Wands
 d - a wand of clouds (4/9)
   (You took it off Nessos on level 1 of the Abyss)
 t - a wand of iceblast (6/15)
   (You found it on level 1 of the Snake Pit)
 y - a wand of lightning (13/15)
   (You found it on level 3 of the Dungeon)
 C - a wand of confusion (27/48)
   (You found it on level 5 of the Lair of Beasts)
 I - a wand of iceblast (10/15)
   (You found it on level 15 of the Dungeon)
Scrolls
 e - 11 scrolls of remove curse
 g - 2 scrolls of identify
 m - 4 scrolls of recharging
 p - 8 scrolls of teleportation
 r - 4 scrolls of fear
 s - 2 scrolls of magic mapping {!r}
 u - a scroll of summoning {unknown}
 v - 3 scrolls of fog
 x - a scroll of acquirement
 J - a scroll of amnesia
Potions
 i - 8 potions of flight
 j - 4 potions of resistance
 l - 3 potions of invisibility
 n - 8 potions of lignification {!q}
 o - 4 potions of might
 z - 12 potions of curing
 A - 7 potions of agility
 B - 8 potions of heal wounds
 D - 4 potions of magic
 E - 7 potions of brilliance
 G - a potion of haste
 H - a potion of cancellation
 X - 2 potions of mutation {!q}
Miscellaneous
 M - a lamp of fire
   (You found it on level 5 of the Lair of Beasts)
 V - a sack of spiders
Comestibles
 c - 13 bread rations {@e1@e1}
 f - 4 meat rations {@e2@e2}
 k - 28 royal jellies
 S - 16 fruits


   Skills:
 - Level 10.7 Fighting
 * Level 20.9 Axes
 + Level 13.5 Armour
 - Level 1.1 Dodging
 - Level 6.6 Spellcasting
 - Level 6.4 Charms
 - Level 12.1 Necromancy
 - Level 15.3 Invocations


You had 25 spell levels left.
You knew the following spells:

 Your Spells              Type           Power        Failure   Level  Hunger
a - Pain                  Necr           ###.         1%          1    None
r - Regeneration          Chrm/Necr      ###.......   3%          3    ###....


Dungeon Overview and Level Annotations

Branches:
Dungeon (15/15)            Temple (0/1) D:4            Lair (6/6) D:8
 Shoals (0/4) Lair:4        Snake (2/4) Lair:2        Slime (0/5) Lair:6
    Orc (2/2) D:9             Elf (0/3) Orc:2        Depths (0/5) D:15
 Vaults: D:13-14

Altars:
Ashenzari
Cheibriados
Dithmenos
Elyvilon
Fedhas
Gozag
Hepliaklqana
Kikubaaqudgha
Makhleb
Nemelex Xobeh
Okawaru
Trog
Yredelemnul
Beogh
Lugonu

Shops:
D:14 *   D:15 [   Orc:2 !(}[[   Snake:2 *%!

Annotations:
D:11 exclusion: 2 oklob plants
D:15 corrupted
Lair:5 corrupted
Snake:2 Aizul
Orc:2 corrupted
Abyss:1 Saint Roka, Urug


Innate Abilities, Weirdness & Mutations

You are occasionally teleported next to monsters.
[Your body sometimes deteriorates upon taking damage.]
[You are dopey. (Int -2)]
[You are frail. (-10% HP)]
[You occasionally shout uncontrollably at your foes.]


Message History

The Executioner hits you but does no damage.
A spatial vortex comes into view.
You take 1 damage, and have 57/126 hp.
Unknown command.
You miss the Executioner. You slice the starcursed mass!!
You destroy the starcursed mass!
Your skin stops crawling.
The Executioner completely misses you.
The Executioner hits you but does no damage. x2
The Executioner barely misses you. x2
The Executioner hits you but does no damage.
A chorus of shrieks assaults your mind.
The spatial vortex moves out of view.
You take 4 damage, and have 53/126 hp.
Unknown command.
You completely miss the Executioner.
The Executioner hits you but does no damage.
The Executioner hits you.
The Executioner hits you but does no damage.
The Executioner hits you. The Executioner barely misses you.
The Executioner hits you but does no damage. x2
The Executioner misses you. x2
You take 5 damage, and have 48/126 hp.
You closely miss the Executioner. You slice the starcursed mass!!
You destroy the starcursed mass!
You feel the corruption within you wane somewhat.
Your urge to yell lessens.
The Executioner hits you.
The Executioner hits you but does no damage.
The Executioner closely misses you. The Executioner hits you!
* * * LOW HITPOINT WARNING * * *
The Executioner completely misses you.
The Executioner hits you but does no damage.
You take 22 damage, and have 26/126 hp.
Unknown command.
Okay, then.
You pass through the gate.
Welcome back to the Snake Pit!
Level annotation: Aizul The shock serpent hisses angrily.
The black mamba hisses angrily.
The naga ritualist shouts!
The black mamba hisses angrily.
The mana viper hisses angrily.
The black mamba hisses angrily.
You are poisoned.
The black mamba bites you but does no damage. x4
You now have 21/28 mp.
Unknown command.
To return, you must find a gate leading back.
Killing monsters will force the Abyss to allow you passage.
This branch contains the abyssal rune of Zot.
Level annotation: Harold, Maurice, Saint Roka, Urug You feel quite a bit more hungry.
You can no longer gate yourself to the Abyss.
You feel sick.
You take 15 damage, and have 12/126 hp.
You now have 12/28 mp.
Unknown command.
Maurice throws a stone.
The stone hits you but does no damage.
You see here a stone.
Maurice throws a stone.
The stone hits you but does no damage.
You see here a stone.
Maurice hits you but does no damage.
You slice Maurice!!
Maurice writhes in agony.
You feel sick.
You hear a shout!
You closely miss Maurice. Maurice barely misses you.
You closely miss Maurice. Maurice barely misses you.
Harold throws a throwing net.
The throwing net misses you.
You miss Maurice.
Maurice mumbles some strange words.
Maurice puts on a burst of speed!
You slash Maurice!
Maurice writhes in agony.
Harold throws a throwing net.
The throwing net barely misses you.
You slice Maurice like a ripe choko!!!
You kill Maurice!
You feel sick.
You take 1 damage, and have 15/126 hp.
Okay, then.
Harold points at you and mumbles some strange words.
The bolt of fire hits you!
* * * LOW HITPOINT WARNING * * *
You see here a scroll of identify.
You take 12 damage, and have 4/126 hp.
You slice Harold!!
Harold writhes in agony.
You hit Harold but do no damage.
Harold writhes in agony.
Harold misses you.
You barely miss Harold.
You feel sick.
You are no longer poisoned.
The Executioner hits you but does no damage. x2
The Executioner misses you. Harold gestures at you while chanting.
The bolt of fire hits you!
You take 1 damage, and have 4/126 hp.
Unknown command.
You slice Harold!!
Harold writhes in agony.
You kill Harold!
Harold groans, "My... family..." and then collapses, dead.
You closely miss the Executioner. The Executioner hits you.
* * * LOW HITPOINT WARNING * * *
The Executioner hits you but does no damage.
The Executioner barely misses you. x2
The Executioner hits you but does no damage.
The Executioner hits you.
You die...

# #...$..#. ##.
.#.##.......#....
...?.........#...
...........$.....
..............#..
.......(...(.....
........(........
......1..........
..###.)@..).##...
. #...##.##.#
##.# ### .# .. #
#. ... .


You could see an Executioner.

Vanquished Creatures
  Rupert (Abyss:1)
  4 tentacled starspawn (Abyss:1)
  Gastronok (Lair:2)
  Nessos (Abyss:1)
  Azrael (Abyss:1)
  A fire dragon (Lair:6)
  4 naga warriors
  Harold (Abyss:1)
  A catoblepas (D:11)
  3 centaur warriors
  A death knight (Abyss:1)
  3 anacondas (Snake:1)
  8 two-headed ogres
  2 death yaks
  2 ogre magi
  3 tengu warriors (D:14)
  A hell hog (Abyss:1)
  2 orc high priests (Orc:2)
  3 thrashing horrors (Abyss:1)
  3 naga sharpshooters
  An iron troll (D:13)
  A skeletal warrior (Abyss:1)
  A spatial maelstrom (Abyss:1)
  10 starcursed masses (Abyss:1)
  3 wretched stars (Abyss:1)
  An unseen horror (D:14)
  A flayed ghost (D:13)
  A swamp dragon (Lair:6)
  3 phantasmal warriors
  A wizard (D:15)
  A necromancer (D:15)
  2 wolf spider zombies
  An orc sorcerer (Orc:2)
  3 mana vipers
  2 orc knights (Orc:2)
  3 ugly things
  A manticore (D:13)
  11 elephants
  3 salamanders (Snake:1)
  2 worldbinders (Abyss:1)
  Maurice (Abyss:1)
  5 cyclopes
  A merfolk siren (Lair:4)
  15 black mambas
  2 gargoyles (D:11)
  3 naga magi (Snake:1)
  11 spiny frogs
  A torpor snail (Lair:4)
  A smoke demon (Abyss:1)
  A rime drake (Lair:6)
  7 komodo dragons
  An orange demon (Abyss:1)
  A yaktaur (shapeshifter) (Abyss:1)
  4 freezing wraiths (Abyss:1)
  2 tengu conjurers (D:14)
  A hellwing (Abyss:1)
  5 trolls
  A queen bee (D:11)
  A queen bee (shapeshifter) (D:15)
  15 polar bears
  A wind drake (shapeshifter) (D:13)
  Prince Ribbit (Abyss:1)
  15 dream sheep
  A hornet (D:13)
  7 blink frogs
  9 hippogriffs
  2 raiju
  A hydra skeleton (Abyss:1)
  3 flying skulls (Abyss:1)
  2 shadows (D:14)
  2 ynoxinuls (Abyss:1)
  2 centaur simulacra
  57 yaks
  5 wyverns
  4 fire elementals
  6 large abominations (Abyss:1)
  2 basilisks
  2 chaos spawn (Abyss:1)
  2 neqoxecs (Abyss:1)
  Grum (D:8)
  2 steam dragons
  2 hungry ghosts
  5 wargs
  6 vampire mosquitoes
  3 spatial vortices (Abyss:1)
  5 insubstantial wisps (Abyss:1)
  13 nagas
  4 acid dragons
  A soldier ant (shapeshifter) (D:13)
  A soldier ant (D:15)
  29 water moccasins
  2 swamp drakes (Lair:6)
  20 hell hounds
  A hornet zombie (D:6)
  28 orc warriors
  13 porcupines
  4 ice beasts
  A sky beast (D:15)
  15 black bears
  A sky beast (shapeshifter) (Abyss:1)
  4 phantoms
  2 necrophages
  28 wolves
  11 ogres
  2 eyes of draining
  11 centaurs
  A snapping turtle skeleton (Abyss:1)
  13 crocodiles
  2 big kobolds
  20 bullfrogs
  A wyvern zombie (D:14)
  4 scorpions
  5 small abominations (Abyss:1)
  23 killer bees
  5 vampire bats (D:4)
  5 wights (D:13)
  3 crimson imps
  9 howler monkeys
  4 centaur zombies
  2 bullfrog zombies
  4 quasits
  5 jellies
  27 orc wizards
  20 orc priests
  2 hounds
  2 bullfrog skeletons
  4 centaur skeletons
  4 iron imps
  Terence (D:2)
  8 iguanas
  8 worker ants
  2 hound zombies
  2 hound skeletons
  Robin (D:3)
  6 gnolls
  22 adders
  2 white imps (Abyss:1)
  2 ufetubi (Abyss:1)
  6 oozes
  An adder skeleton (D:4)
  An adder zombie (D:7)
  3 worms
  5 dart slugs
  5 leopard geckos
  105 orcs
  11 bats
  2 bat skeletons (D:4)
  2 bat zombies (D:4)
  3 giant cockroaches (D:3)
  15 goblins
  6 hobgoblins
  4 jackals (D:11)
  10 quokkas
  3 ball pythons
  6 frilled lizards
  20 kobolds
  A leopard gecko zombie (D:6)
  An orc simulacrum (Abyss:1)
  6 rats
  A bush (Lair:1)
  4 fungi (Lair:6)
  5 plants (Lair:6)
  2 starspawn tentacles (Abyss:1)
963 creatures vanquished.

Vanquished Creatures (others)
  An orc warlord (Orc:2)
  A centaur warrior (D:13)
  A two-headed ogre (D:9)
  A deep troll earth mage (D:13)
  2 orc high priests (Orc:2)
  A storm dragon zombie (D:15)
  A titan skeleton (D:15)
  An unseen horror (D:13)
  A skeletal warrior (D:15)
  A phantasmal warrior (D:15)
  A sphinx zombie (D:15)
  A necromancer (D:13)
  6 ugly things (D:15)
  2 oklob plants (Lair:1)
  2 orc sorcerers (Orc:2)
  A manticore (D:11)
  A hellion (D:15)
  A guardian mummy (D:15)
  A troll (Orc:2)
  3 meliai (Lair:5)
  A queen bee (Lair:5)
  A spriggan skeleton (D:15)
  2 basilisks
  A golden eye (Abyss:1)
  A hell hound (D:13)
  5 orc warriors (Orc:2)
  3 small abominations (Abyss:1)
  A centaur (D:15)
  2 bullfrogs (D:15)
  7 killer bees (Lair:5)
  A crimson imp (D:15)
  A bullfrog zombie (D:13)
  An orc priest (Orc:2)
  3 orc wizards
  13 orcs (Orc:2)
  5 fungi
  16 plants
  24 starspawn tentacles
  9 withered plants (D:15)
127 creatures vanquished.

Grand Total: 1090 creatures vanquished

Notes
Turn   | Place    | Note
-------+----------+-------------------------------------------
     0 | Abyss:1  | Gorglomux the Hill Orc Abyssal Knight began the quest for the Orb.
     0 | Abyss:1  | Reached XP level 1. HP: 19/19 MP: 2/2
   125 | Abyss:1  | Noticed a ynoxinul
   135 | Abyss:1  | Found a basalt altar of Yredelemnul.
   149 | D:1      | Escaped the Abyss
   171 | D:1      | Reached skill level 1 in Dodging
   193 | D:1      | Reached XP level 2. HP: 7/26 MP: 3/3
   520 | D:1      | Reached * piety under Lugonu
   548 | D:1      | Reached skill level 3 in Axes
   891 | D:1      | Reached XP level 3. HP: 28/33 MP: 5/5
  1123 | D:2      | Reached skill level 4 in Axes
  1132 | D:2      | Noticed Terence
  1143 | D:2      | Found a faded altar of an unknown god.
  1331 | D:2      | Killed Terence
  1331 | D:2      | Reached XP level 4. HP: 30/40 MP: 6/6
  1512 | D:2      | Reached skill level 5 in Axes
  1948 | D:3      | Found a burning altar of Makhleb.
  1948 | D:3      | Noticed an Executioner
  2023 | D:3      | Found a snail-covered altar of Cheibriados.
  2048 | D:3      | Noticed Robin
  2072 | D:3      | Noticed a moth of wrath
  2079 | D:3      | Killed Robin
  2099 | D:3      | Found a bloodstained altar of Trog.
  2128 | D:3      | Reached ** piety under Lugonu
  2201 | D:3      | Reached XP level 5. HP: 45/46 MP: 7/7
  2211 | D:3      | Found a white marble altar of Elyvilon.
  2236 | D:3      | Reached skill level 6 in Axes
  2286 | D:3      | Found a basalt altar of Yredelemnul.
  2571 | D:4      | Found an iron altar of Okawaru.
  2659 | D:4      | Found an ancient bone altar of Kikubaaqudgha.
  2667 | D:4      | Reached skill level 7 in Axes
  2692 | D:4      | Reached XP level 6. HP: 47/52 MP: 8/8
  2760 | D:4      | Reached skill level 8 in Axes
  2900 | D:4      | Found a staircase to the Ecumenical Temple.
  3159 | D:4      | Reached skill level 9 in Axes
  3187 | D:4      | Reached XP level 7. HP: 47/58 MP: 9/9
  3240 | D:4      | Reached *** piety under Lugonu
  3280 | D:4      | HP: 5/58 [ogre/giant club (16)]
  3281 | D:4      | Reached skill level 10 in Axes
  3846 | D:4      | Found an opulent altar of Gozag.
  3847 | D:4      | Found a hazy altar of Hepliaklqana.
  3874 | D:5      | Entered Level 5 of the Dungeon
  4226 | D:4      | Reached skill level 11 in Axes
  4226 | D:4      | Reached XP level 8. HP: 66/66 MP: 10/10
  4432 | D:5      | Got an opalescent robe
  4452 | D:5      | Found a shattered altar of Ashenzari.
  4551 | D:5      | Reached skill level 12 in Axes
  4582 | D:5      | Noticed Prince Ribbit
  4602 | D:5      | Banished Prince Ribbit
  5026 | D:5      | Found a shadowy altar of Dithmenos.
  5046 | D:5      | Reached skill level 13 in Axes
  5629 | D:6      | HP: 13/66 [hornet zombie (9)]
  5631 | D:6      | Reached XP level 9. HP: 14/71 MP: 11/11
  5939 | D:6      | Reached skill level 14 in Axes
  6072 | D:6      | Reached **** piety under Lugonu
  6124 | D:6      | Reached skill level 3 in Invocations
  6156 | D:6      | Reached skill level 4 in Fighting
  6211 | D:6      | Reached skill level 4 in Invocations
  6627 | D:7      | Reached skill level 5 in Invocations
  6828 | D:7      | Reached skill level 5 in Fighting
  6828 | D:7      | Reached skill level 6 in Invocations
  7216 | D:7      | Found a sparkling altar of Nemelex Xobeh.
  7274 | D:8      | Noticed Grum
  7294 | D:8      | Reached skill level 7 in Invocations
  7515 | D:8      | Killed Grum
  7515 | D:8      | Reached XP level 10. HP: 50/82 MP: 15/15
  7574 | D:8      | Found a staircase to the Lair.
  7579 | D:8      | Reached skill level 6 in Fighting
  7579 | D:8      | Reached skill level 8 in Invocations
  7613 | D:8      | HP: 18/82 [yak (13)]
  7624 | D:8      | HP: 16/82 [yak (5)]
  7707 | D:7      | HP: 15/82 [yak (7)]
  8000 | D:7      | Reached skill level 9 in Invocations
  8463 | D:8      | Reached skill level 7 in Fighting
  8617 | D:8      | Found a basalt altar of Yredelemnul.
  8754 | D:8      | Reached skill level 10 in Invocations
  9041 | D:9      | Noticed Maurice
  9048 | D:9      | Banished Maurice
  9263 | D:9      | Learned a level 3 spell: Regeneration
  9398 | D:9      | Found a blossoming altar of Fedhas.
  9521 | D:9      | You fall through a shaft for 3 floors!
  9559 | D:11     | Reached skill level 11 in Invocations
  9696 | D:11     | Noticed an oklob plant
  9698 | D:11     | Noticed an oklob plant
  9701 | D:11     | Noticed a catoblepas
  9741 | D:11     | Killed a catoblepas
  9741 | D:11     | Reached skill level 8 in Fighting
  9757 | D:11     | Reached skill level 12 in Invocations
  9757 | D:11     | Reached XP level 11. HP: 52/94 MP: 18/20
  9761 | D:11     | Reached ***** piety under Lugonu
  9853 | D:11     | Found a flagged portal.
  9883 | D:11     | Reached skill level 9 in Fighting
  9898 | Bailey   | Entered a bailey
  9991 | D:11     | Noticed a manticore
  9992 | D:11     | Banished a manticore
 10069 | D:11     | Reached skill level 13 in Invocations
 10119 | D:10     | Entered Level 10 of the Dungeon
 10460 | D:10     | Noticed Urug
 10462 | D:10     | Banished Urug
 10488 | D:10     | HP: 17/98 [killer bee (8)]
 10493 | D:10     | HP: 13/98 [poisoned by a killer bee]
 10499 | D:10     | HP: 14/98 [poisoned by a killer bee]
 10505 | D:10     | HP: 16/98 [poisoned by a killer bee]
 10513 | D:10     | HP: 19/98 [poisoned by a killer bee]
 10821 | D:10     | Reached skill level 10 in Fighting
 10971 | D:9      | Noticed a two-headed ogre
 10974 | D:9      | Found a staircase to the Orcish Mines.
 10977 | D:9      | Banished a two-headed ogre
 10977 | D:9      | Reached skill level 14 in Invocations
 11016 | D:9      | HP: 24/98 [orc priest/divine providence (11)]
 11138 | D:9      | Found a roughly hewn altar of Beogh.
 11612 | Lair:1   | Entered Level 1 of the Lair of Beasts
 11746 | Lair:1   | Noticed an oklob plant
 11746 | Lair:1   | Noticed an oklob plant
 11746 | Lair:1   | Noticed an oklob plant
 11856 | Lair:1   | Banished an oklob plant
 11932 | Lair:1   | Banished an oklob plant
 11933 | Lair:1   | Banished an oklob plant
 11996 | Lair:1   | Noticed Harold
 11997 | Lair:1   | Banished Harold
 11997 | Lair:1   | Reached skill level 15 in Invocations
 12202 | Lair:1   | Reached XP level 12. HP: 107/107 MP: 23/23
 12273 | Lair:1   | Reached skill level 1 in Necromancy
 12276 | Lair:1   | Reached skill level 3 in Armour
 12278 | Lair:1   | Reached skill level 2 in Necromancy
 12300 | Lair:1   | Reached skill level 3 in Necromancy
 12534 | Lair:2   | Reached skill level 4 in Armour
 12599 | Lair:2   | Reached skill level 4 in Necromancy
 12837 | Lair:2   | Reached skill level 5 in Necromancy
 12866 | Lair:2   | Found a staircase to the Snake Pit.
 12936 | Lair:2   | Reached skill level 5 in Armour
 12937 | Lair:2   | Reached skill level 6 in Necromancy
 13227 | Lair:2   | Noticed Gastronok
 13245 | Lair:2   | Killed Gastronok
 13245 | Lair:2   | Reached skill level 7 in Necromancy
 13349 | Lair:2   | Reached skill level 6 in Armour
 13745 | Lair:3   | Reached skill level 8 in Necromancy
 13820 | Lair:3   | Reached XP level 13. HP: 109/113 MP: 24/24
 13993 | Lair:3   | Reached skill level 7 in Armour
 14031 | Lair:3   | Reached skill level 9 in Necromancy
 14478 | Lair:4   | Reached skill level 10 in Necromancy
 14603 | Lair:4   | Reached skill level 8 in Armour
 14726 | Lair:4   | Found a staircase to the Shoals.
 15455 | Lair:5   | Reached ****** piety under Lugonu
 15460 | Lair:5   | Reached skill level 11 in Necromancy
 15465 | Lair:5   | Reached skill level 9 in Armour
 15512 | Lair:5   | Got an ichor-stained scythe
 15513 | Lair:5   | Identified the +8 scythe of the Fool {protect, rPois Int+6 Dex+4} (You found it on level 5 of the Lair of Beasts)
 15597 | Lair:5   | Corrupted Lair:5
 15597 | Lair:5   | Noticed a tentacled starspawn
 15597 | Lair:5   | Noticed a bone dragon
 15597 | Lair:5   | Noticed a tentacled starspawn
 15597 | Lair:5   | Noticed a lich
 15599 | Lair:5   | HP: 28/113 [killer bee (4)]
 15604 | Lair:5   | Noticed an eidolon
 15605 | Lair:5   | HP: 24/113 [killer bee (1)]
 15625 | Lair:5   | Noticed a starcursed mass
 16149 | Lair:6   | Entered Level 6 of the Lair of Beasts
 16167 | Lair:6   | Found a staircase to the Slime Pits.
 16352 | Lair:6   | HP: 23/113 [elephant (14)]
 16357 | Lair:6   | HP: 28/113 [elephant (3)]
 16358 | Lair:6   | HP: 12/113 [elephant (7)]
 16364 | Lair:6   | HP: 13/113 [elephant (6)]
 16384 | Lair:6   | HP: 27/113 [elephant (7)]
 16412 | Lair:6   | Reached skill level 12 in Necromancy
 16412 | Lair:6   | Reached XP level 14. HP: 59/121 MP: 19/25
 16502 | Lair:6   | Reached skill level 1 in Spellcasting
 16543 | Lair:6   | Reached skill level 2 in Spellcasting
 16627 | Lair:6   | Learned a level 1 spell: Pain
 16648 | Lair:6   | Reached skill level 3 in Spellcasting
 16932 | Lair:6   | Reached skill level 4 in Spellcasting
 16986 | Lair:6   | HP: 18/121 [polar bear (22)]
 16988 | Lair:6   | HP: 8/121 [polar bear (5)]
 16995 | Lair:6   | HP: 44/183 [polar bear (4)]
 17091 | Lair:6   | Reached skill level 5 in Spellcasting
 17305 | Lair:6   | Reached skill level 6 in Spellcasting
 17617 | Lair:6   | HP: 28/122 [basilisk (10)]
 17626 | Lair:6   | HP: 26/122 [swamp drake (9)]
 18384 | D:11     | Reached skill level 15 in Axes
 18697 | D:12     | Got a crude leather armour
 18934 | D:12     | Identified 2 scrolls of acquirement
 18941 | D:12     | Identified a +6 battleaxe of distortion (a +4 battleaxe of distortion corrupted by Lugonu)
 18941 | D:12     | Received a gift from Lugonu
 19228 | D:13     | Reached skill level 1 in Charms
 19265 | D:13     | Noticed Nessos
 19266 | D:13     | Banished Nessos
 19292 | D:13     | Reached skill level 10 in Armour
 19403 | D:13     | Reached skill level 2 in Charms
 19530 | D:13     | Reached XP level 15. HP: 109/128 MP: 22/26
 19551 | D:13     | Noticed Rupert
 19617 | D:13     | Noticed Azrael
 19620 | D:13     | Banished Azrael
 19620 | D:13     | Reached skill level 3 in Charms
 19963 | D:13     | Reached skill level 16 in Axes
 20084 | D:13     | Reached skill level 4 in Charms
 20359 | D:13     | Noticed a storm dragon
 20361 | D:13     | Noticed a tengu reaver
 20361 | D:13     | Noticed a tengu reaver
 20859 | D:14     | Reached skill level 5 in Charms
 20926 | D:14     | Found Gujyditt's Assorted Antiques.
 20933 | D:14     | Bought a scroll of identify for 58 gold pieces
 20933 | D:14     | Bought a scroll of identify for 58 gold pieces
 20933 | D:14     | Bought a potion of heal wounds for 145 gold pieces
 21094 | D:14     | Got a warped leather armour
 21379 | D:15     | Entered Level 15 of the Dungeon
 21402 | D:15     | HP: 22/128 [two-headed ogre/dire flail (13)]
 21556 | D:15     | Found a staircase to the Depths.
 21560 | D:15     | Corrupted D:15
 21568 | D:15     | Reached skill level 11 in Armour
 21569 | D:15     | Noticed a tentacled starspawn
 21654 | D:15     | Found Lovimo Gouq's Antique Armour Shoppe.
 21670 | D:15     | Bought an embroidered scarf for 256 gold pieces
 21763 | D:15     | Reached skill level 6 in Charms
 21817 | D:15     | Reached skill level 17 in Axes
 21827 | D:15     | Found a corrupted altar of Lugonu.
 22295 | D:13     | Banished Rupert
 22370 | Orc:1    | Entered Level 1 of the Orcish Mines
 22732 | Orc:2    | Entered Level 2 of the Orcish Mines
 22866 | Orc:2    | Found a roughly hewn altar of Beogh.
 23004 | Orc:2    | Found a roughly hewn altar of Beogh.
 23064 | Orc:2    | Found a roughly hewn altar of Beogh.
 23209 | Orc:2    | Found a staircase to the Elven Halls.
 23213 | Orc:2    | Found Metta's Distillery.
 23241 | Orc:2    | Bought a potion of curing for 39 gold pieces
 23241 | Orc:2    | Bought a potion of heal wounds for 65 gold pieces
 23241 | Orc:2    | Bought a potion of resistance for 130 gold pieces
 23241 | Orc:2    | Bought 2 potions of agility for 104 gold pieces
 23241 | Orc:2    | Bought a potion of heal wounds for 65 gold pieces
 23241 | Orc:2    | Bought a potion of resistance for 130 gold pieces
 23308 | Orc:2    | Found a roughly hewn altar of Beogh.
 23309 | Orc:2    | Found Jaqur's Gadget Shop.
 23398 | Orc:2    | Found a roughly hewn altar of Beogh.
 23398 | Orc:2    | Found Bonuceve's Antique Armour Shoppe.
 23422 | Orc:2    | Bought a transparent helmet for 190 gold pieces
 23422 | Orc:2    | Bought a faintly glowing cloak for 190 gold pieces
 23433 | Orc:2    | Identified the +2 cloak "Molimm" {-Tele rF- rN+++ rCorr} (You bought it in a shop on level 2 of the Orcish Mines)
 23443 | Orc:2    | Identified the +0 helmet of the Fiddle {+Inv rC+++ MR- Slay+5} (You bought it in a shop on level 2 of the Orcish Mines)
 23508 | Orc:2    | Noticed Saint Roka
 23516 | Orc:2    | Banished Saint Roka
 23516 | Orc:2    | Reached XP level 16. HP: 93/136 MP: 22/27
 23575 | Orc:2    | Found a roughly hewn altar of Beogh.
 23622 | Orc:2    | Corrupted Orc:2
 23622 | Orc:2    | Noticed a tentacled starspawn
 23622 | Orc:2    | Noticed a tentacled starspawn
 23762 | Orc:2    | Found a roughly hewn altar of Beogh.
 23763 | Orc:2    | Found Seuqul's Antique Armour Shoppe.
 23763 | Orc:2    | Found Bajan's Antique Weapon Emporium.
 24042 | Snake:1  | Entered Level 1 of the Snake Pit
 24078 | Snake:1  | Reached skill level 18 in Axes
 24335 | Snake:1  | Reached skill level 12 in Armour
 24944 | Snake:2  | Found Keotaff's General Store.
 24948 | Snake:2  | Found Juasez's Food Shop.
 24949 | Snake:2  | Found Makochiz's Distillery.
 24964 | Snake:2  | Bought a potion of invisibility for 136 gold pieces
 24964 | Snake:2  | Bought a potion of haste for 170 gold pieces
 24964 | Snake:2  | Bought a potion of agility for 68 gold pieces
 24964 | Snake:2  | Bought a potion of heal wounds for 85 gold pieces
 24964 | Snake:2  | Bought a potion of invisibility for 136 gold pieces
 24964 | Snake:2  | Bought a potion of might for 68 gold pieces
 24976 | Snake:2  | Reached skill level 19 in Axes
 24993 | Snake:2  | Noticed Aizul
 25004 | Snake:2  | HP: 21/136 [naga sharpshooter/bolt (15)]
 25007 | Snake:2  | HP: 2/136 [naga sharpshooter/bolt (13)]
 25012 | Abyss:1  | HP: 4/136 [poisoned by a black mamba]
 25018 | Abyss:1  | HP: 29/136 [poisoned by a black mamba]
 25020 | Abyss:1  | Found a corrupted altar of Lugonu.
 25023 | Abyss:1  | HP: 31/136 [poisoned by a black mamba]
 25028 | Abyss:1  | HP: 31/136 [poisoned by a black mamba]
 25036 | Abyss:1  | HP: 33/136 [poisoned by a black mamba]
 25248 | Abyss:1  | Paralysed by a chaos spawn for 3 turns
 25282 | Abyss:1  | Noticed a tentacled starspawn
 25307 | Abyss:1  | Killed a tentacled starspawn
 25335 | Abyss:1  | Noticed a tentacled starspawn
 25345 | Abyss:1  | Killed a tentacled starspawn
 25419 | Abyss:1  | Killed Nessos
 25434 | Abyss:1  | Gained mutation: You are occasionally teleported next to monsters. [a neqoxec]
 25448 | Abyss:1  | Killed Azrael
 25610 | Abyss:1  | Reached skill level 20 in Axes
 25652 | Abyss:1  | Noticed a tentacled starspawn
 25656 | Abyss:1  | Killed a tentacled starspawn
 25656 | Abyss:1  | Reached skill level 13 in Armour
 25729 | Abyss:1  | Noticed a tentacled starspawn
 25740 | Abyss:1  | Killed a tentacled starspawn
 25748 | Abyss:1  | Killed Rupert
 25748 | Abyss:1  | Reached XP level 17. HP: 71/141 MP: 24/28
 25829 | Abyss:1  | Killed Prince Ribbit
 25868 | Abyss:1  | HP: 9/112 [wretched star/orb of energy (32)]
 25969 | Abyss:1  | HP: 10/98 [phantasmal warrior[a death knight] (20)]
 26026 | Abyss:1  | HP: 22/98 [large abomination (4)]
 26072 | Abyss:1  | Noticed a tentacled starspawn
 26072 | Abyss:1  | Noticed an Executioner
 26085 | Abyss:1  | HP: 26/126 [Executioner (17)]
 26086 | Snake:2  | Escaped the Abyss
 26087 | Abyss:1  | HP: 12/126 [poisoned by a naga ritualist (toxic radiance)]
 26096 | Abyss:1  | Killed Maurice
 26096 | Abyss:1  | HP: 15/126 [poisoned by a naga ritualist (toxic radiance)]
 26098 | Abyss:1  | HP: 4/126 [Harold/bolt of fire (13)]
 26102 | Abyss:1  | Killed Harold
 26102 | Abyss:1  | Slain by an Executioner

Vault maps used:
D:1:      zelgadis_glass_arrival_small, hex_tiny, corexii_leaking_fountain,
          solitary_fountain
D:2:      chequers_ecumenical_altar_simple_redux, uniq_terence
D:3:      lemuel_round_altar, kennysheep_slug_shrine, makhleb_altar_promises_db,
          tgw_trog, solitary_fountain, minmay_misc_feat_roman,
          yredelemnul_altar_generic, uniq_robin
D:4:      gammafunk_temple_overflow_pools, kennysheep_vampire_church,
          lemuel_crystal_altar, minmay_temple_entry_overgrown, first_bread,
          st_stairs_6, minmay_guarded_unrand_vampires_tooth
D:5:      minmay_opposing_rooms, grunt_dithmenos_shadows, kennysheep_mini_moat,
          uniq_prince_ribbit1
D:7:      lemuel_round_altar
D:8:      overflow_temple_1_default, minmay_lair_entry_grove, uniq_grum
D:9:      fedhas_altar_fruit_tree, minmay_orc_entry_temple_small, uniq_maurice
D:10:     corexii_corridor_pit, uniq_urug
D:11:     enter_bailey_3, david_nohive_1, disabler_island
D:13:     david_vaults_4, minmay_hedge_maze,
          minmay_the_grid_triangle_9x9_rhombus_thin, uniq_rupert, uniq_azrael,
          uniq_nessos
D:14:     minmay_fountain_box, serial_shops, nicolae_shop_overgrown_old_shop
D:15:     gammafunk_depths_entry_grave, serial_shops, shop,
          minmay_misc_feat_nine_boxes, lemuel_hellish_altar
Lair:1:   minmay_lair_oklob_chamber, infiniplex_staircase_pool_2, uniq_harold
Lair:2:   guppyfry_snake_entry_island, st_stairs_12, forest_entry_grove,
          grunt_megastairs_3, uniq_gastronok
Lair:3:   lemuel_reptile_caves, grunt_megastairs_5
Lair:4:   minmay_shoals_entry_lonely_mermaid, beast_lair_carwin_8
Lair:5:   special_room, grunt_megastairs_4
Lair:6:   hangedman_lair_caniforms_friends, guppyfry_lair_end_dragon,
          nicolae_slime_entry_slimehenge
Snake:2:  nicolae_snake_single_loop, minmay_shop_star, lemuel_fruit_tree,
          uniq_aizul
Orc:1:    mines2_david
Orc:2:    grunt_orc_community_town_hall, grunt_orc_community_big_house_1,
          grunt_orc_community_big_house_1, grunt_orc_community_house_3,
          grunt_orc_community_house_1, grunt_orc_community_house_3,
          grunt_orc_community_house_1, serial_shops, shop, basic_altar,
          uniq_saint_roka
Abyss:1:  evilmike_abyss_exit_mutagenic, hangedman_steaming_rock,
          hangedman_abyss_feature_spike
Bailey:   bailey_polearm_flooded_kennysheep, bailey

Skill      XL: |  1  2  3  4  5  6  7  8  9 10 11 12 13 14 15 16 |
---------------+-------------------------------------------------+-----
Dodging        | 1 |  1.1
Axes           | 3 4 5 7 9 11 13 14 15 17 20 | 20.9
Invocations    | 7 12 15 | 15.3
Fighting       | 5 8 10 | 10.7
Necromancy     | 8 12 | 12.1
Armour         | 6 9 10 11 13 | 13.5
Spellcasting   | 6 |  6.6
Charms         | 2 6 |  6.4

Action                   |  1- 3 |  4- 6 |  7- 9 | 10-12 | 13-15 | 16-18 || total
-------------------------+-------+-------+-------+-------+-------+-------++-------
Melee: Hand axe          |    82 |   221 |   462 |   359 |       |       ||  1124
       War axe           |       |       |       |   268 |       |       ||   268
       Battleaxe         |       |       |       |   170 |  1094 |   459 ||  1723
 Cast: Regeneration      |       |       |       |     4 |   111 |    64 ||   179
       Pain              |       |       |       |       |     3 |       ||     3
Invok: Depart the Abyss  |     1 |       |       |       |       |     1 ||     2
       Banish            |       |       |     2 |    11 |    10 |     1 ||    24
       Bend Space        |       |       |       |     1 |     7 |     1 ||     9
       Corrupt           |       |       |       |       |     2 |     1 ||     3
       Brand Weapon With |       |       |       |       |     1 |       ||     1
       Enter the Abyss   |       |       |       |       |       |     2 ||     2
Evoke: Wand              |       |       |       |       |     3 |       ||     3
  Use: Scroll            |       |     3 |     5 |    12 |    18 |     4 ||    42
       Potion            |       |       |     1 |     2 |     4 |     8 ||    15
 Stab: Petrified         |       |       |       |     4 |       |       ||     4
       Paralysed         |       |       |       |       |     1 |       ||     1
  Eat: Chunk             |       |     8 |    13 |    24 |    44 |    12 ||   101
       Meat ration       |       |       |       |     1 |       |     1 ||     2
       Royal jelly       |       |       |       |     1 |     5 |     1 ||     7
Armor: Leather armour    |    25 |       |       |       |       |       ||    25
       Scale mail        |       |   140 |   202 |   378 |   485 |       ||  1205
       Plate armour      |       |       |       |       |   378 |   328 ||   706
Dodge: Dodged            |    44 |   111 |   154 |   359 |   561 |   160 ||  1389

Vault maps used:
D:1:      zelgadis_glass_arrival_small, hex_tiny, corexii_leaking_fountain,
          solitary_fountain
D:2:      chequers_ecumenical_altar_simple_redux, uniq_terence
D:3:      lemuel_round_altar, kennysheep_slug_shrine, makhleb_altar_promises_db,
          tgw_trog, solitary_fountain, minmay_misc_feat_roman,
          yredelemnul_altar_generic, uniq_robin
D:4:      gammafunk_temple_overflow_pools, kennysheep_vampire_church,
          lemuel_crystal_altar, minmay_temple_entry_overgrown, first_bread,
          st_stairs_6, minmay_guarded_unrand_vampires_tooth
D:5:      minmay_opposing_rooms, grunt_dithmenos_shadows, kennysheep_mini_moat,
          uniq_prince_ribbit1
D:7:      lemuel_round_altar
D:8:      overflow_temple_1_default, minmay_lair_entry_grove, uniq_grum
D:9:      fedhas_altar_fruit_tree, minmay_orc_entry_temple_small, uniq_maurice
D:10:     corexii_corridor_pit, uniq_urug
D:11:     enter_bailey_3, david_nohive_1, disabler_island
D:13:     david_vaults_4, minmay_hedge_maze,
          minmay_the_grid_triangle_9x9_rhombus_thin, uniq_rupert, uniq_azrael,
          uniq_nessos
D:14:     minmay_fountain_box, serial_shops, nicolae_shop_overgrown_old_shop
D:15:     gammafunk_depths_entry_grave, serial_shops, shop,
          minmay_misc_feat_nine_boxes, lemuel_hellish_altar
Lair:1:   minmay_lair_oklob_chamber, infiniplex_staircase_pool_2, uniq_harold
Lair:2:   guppyfry_snake_entry_island, st_stairs_12, forest_entry_grove,
          grunt_megastairs_3, uniq_gastronok
Lair:3:   lemuel_reptile_caves, grunt_megastairs_5
Lair:4:   minmay_shoals_entry_lonely_mermaid, beast_lair_carwin_8
Lair:5:   special_room, grunt_megastairs_4
Lair:6:   hangedman_lair_caniforms_friends, guppyfry_lair_end_dragon,
          nicolae_slime_entry_slimehenge
Snake:2:  nicolae_snake_single_loop, minmay_shop_star, lemuel_fruit_tree,
          uniq_aizul
Orc:1:    mines2_david
Orc:2:    grunt_orc_community_town_hall, grunt_orc_community_big_house_1,
          grunt_orc_community_big_house_1, grunt_orc_community_house_3,
          grunt_orc_community_house_1, grunt_orc_community_house_3,
          grunt_orc_community_house_1, serial_shops, shop, basic_altar,
          uniq_saint_roka
Abyss:1:  evilmike_abyss_exit_mutagenic, hangedman_steaming_rock,
          hangedman_abyss_feature_spike
Bailey:   bailey_polearm_flooded_kennysheep, bailey

Table legend:
 A = Turns spent in this place as a percentage of turns spent in the entire game.
 B = Non-inter-level travel turns spent in this place as a percentage of non-inter-level travel turns spent in the entire game.
 C = Inter-level travel turns spent in this place as a percentage of turns spent in this place.
 D = Turns resting spent in this place as a percentage of non-inter-level travel turns spent in this place.
 E = Turns spent auto-exploring this place as a percentage of non-inter-level travel turns spent in this place.
 F = Non-inter-level travel turns spent in this place divided by the number of levels of this place that you've seen.
                   A       B       C       D       E      F
               +-------+-------+-------+-------+-------+----------------------
         Total | 100.0 | 100.0 |   0.4 |   2.0 |   7.1 | 382.1
       Dungeon |  53.6 |  53.6 |   0.5 |   1.9 |   7.7 | 395.7
          Lair |  25.9 |  25.9 |   0.3 |   1.4 |   6.4 | 478.8
     Snake Pit |   5.5 |   5.5 |   0.3 |   3.1 |   7.4 | 306.0
  Orcish Mines |   6.7 |   6.7 |   0.5 |   2.7 |  10.4 | 373.5
         Abyss |   8.2 |   8.2 |   0.0 |   3.7 |   2.1 | 303.7
        Bailey |   0.0 |   0.0 |   0.0 |   0.0 |   0.0 |   2.0
               +-------+-------+-------+-------+-------+----------------------

Table legend:
 A = Kills in this place as a percentage of kills in entire the game.
 B = Kills by you in this place as a percentage of kills by you in the entire game.
 C = Kills by friends in this place as a percentage of kills by friends in the entire game.
 D = Other kills in this place as a percentage of other kills in the entire game.
 E = Experience gained in this place as a percentage of experience gained in the entire game.
 F = Experience gained in this place divided by the number of levels of this place that you have seen.
                   A       B       C       D       E      F
               +-------+-------+-------+-------+-------+----------------------
         Total | 100.0 | 100.0 |  -nan | 100.0 | 100.0 | 6655.2
       Dungeon |  46.4 |  45.5 |  -nan |  78.6 |  31.5 | 4055.1
          Lair |  28.3 |  28.6 |  -nan |  17.9 |  30.8 | 9910.5
     Snake Pit |   4.1 |   4.2 |  -nan |   0.0 |  10.5 | 10125.5
  Orcish Mines |  12.3 |  12.6 |  -nan |   3.6 |   6.1 | 5858.0
         Abyss |   8.9 |   9.2 |  -nan |   0.0 |  21.1 | 13581.0
               +-------+-------+-------+-------+-------+----------------------
